AoeStats
← Peppi Legs

Fortress

509323262Analyzed
4v4 RM · 7d ago on Sep 26, 2026· 54m 59s· 8 players
Game mode
Random Map
Map size
Huge
Population
200
Speed
Normal
Resources
Standard
Victory
Conquest
Starting age
Dark Age
Ending age
Imperial Age
RankedLock teamsTeams togetherTeam positionsShared explorationLock speedFull tech treeHidden civsTurbo modeCheats
Victory
Defeat
🇹🇷 Malians · Türkiye
1125
+11
🇫🇮 Cumans · Finland
1050
+14
🇹🇷 Saxons · Türkiye
1043
+14
🇪🇸 Spanish · Spain
955
+17
🇹🇼 Byzantines · Taiwan
1056
-16
🇮🇩 Danes · Indonesia
1048
-16
🇦🇺 Goths · Australia
960
-12
🇨🇳 Mongols · China
948
-12
RojoJT
8:12 Feudal Age
8:48 Double-Bit Axe
8:44 Horse Collar
13:04 Castle Age
11:55 Gold Mining
12:21 Fletching
13:07 Stone Mining
13:06 Loom
21:29 Bow Saw
25:03 Town Watch
25:55 Wheelbarrow
25:55 Bloodlines
25:46 Husbandry
25:48 Padded Archer Armor
27:23 Leather Archer Armor
30:25 Imperial Age
30:29 Elite Conquistador
32:03 Ring Archer Armor
32:48 Bodkin Arrow
36:50 Conscription
36:36 Bracer
41:11 Thumb Ring
40:27 Elite Skirmisher
41:47 Caravan
45:53 Ballistics
46:34 Chemistry
TomJerry
5:30 Loom
7:24 Feudal Age
11:44 Castle Age
9:59 Double-Bit Axe
10:54 Loom
11:36 Horse Collar
13:07 Wheelbarrow
14:46 Bow Saw
14:11 Man-at-Arms
15:22 Heavy Plow
18:27 Long Swordsman
25:50 Hand Cart
27:59 Gold Mining
27:59 Stone Mining
29:53 Gold Shaft Mining
34:39 Imperial Age
33:02 Padded Archer Armor
32:52 Fletching
35:18 Bodkin Arrow
36:29 Leather Archer Armor
38:25 Ring Archer Armor
38:16 Forging
38:06 Scale Mail Armor
39:59 Chemistry
39:19 Ballistics
42:36 Steppe Husbandry
43:05 Chain Mail Armor
43:25 Iron Casting
45:09 Cuman Mercenaries
46:13 Iron Casting
46:51 Parthian Tactics
45:46 Elite Skirmisher
46:47 Caravan
48:43 Blast Furnace
47:39 Capped Ram
49:17 Plate Mail Armor
50:03 Siege Ram
51:06 Elite Kipchak
51:45 Heavy Cavalry Archer
53:34 Scale Barding Armor
53:21 Heated Shot
53:26 Murder Holes
55:54 Chain Barding Armor
Kebabs&Roses
8:12 Feudal Age
9:28 Double-Bit Axe
9:46 Horse Collar
12:41 Castle Age
14:17 Bow Saw
16:34 Heavy Plow
16:40 Loom
18:36 Wheelbarrow
17:49 Town Watch
20:08 Hand Cart
19:56 Stone Mining
19:56 Gold Mining
21:00 Town Patrol
22:36 Scale Mail Armor
22:47 Fletching
25:23 Chain Mail Armor
25:04 Bodkin Arrow
28:25 Imperial Age
26:41 Forging
26:35 Squires
26:20 Arson
26:21 Gambesons
27:41 Gold Shaft Mining
29:37 Conscription
28:46 Elite Hearth Troop
30:40 Two-Man Saw
29:58 Bracer
30:29 Plate Mail Armor
30:21 Padded Archer Armor
30:57 Iron Casting
29:48 Shield Wall
46:36 Ballistics
47:17 Chemistry
46:24 Siege Engineers
fcureklibatur
7:44 Feudal Age
11:53 Castle Age
10:25 Double-Bit Axe
10:24 Horse Collar
13:12 Bow Saw
14:14 Gold Mining
15:27 Loom
22:35 Forging
24:28 Wheelbarrow
23:45 Stone Mining
27:13 Hand Cart
30:55 Imperial Age
29:46 Iron Casting
29:20 Squires
29:05 Arson
30:05 Heavy Plow
30:08 Scale Mail Armor
32:03 Chain Mail Armor
31:10 Elite Gbeto
32:17 Conscription
33:05 Crop Rotation
33:20 Hoardings
36:11 Plate Mail Armor
37:10 Scale Barding Armor
37:07 Farimba
37:40 Cavalier
38:21 Husbandry
38:31 Bloodlines
38:43 Chain Barding Armor
40:54 Plate Barding Armor
42:38 Heavy Camel Rider
46:07 Light Cavalry
50:28 Town Watch
55:19 Town Patrol
55:11 Fletching
PERCENT5175
7:49 Feudal Age
7:57 Feudal Age
8:24 Double-Bit Axe
10:24 Horse Collar
12:49 Castle Age
13:35 Heavy Plow
13:46 Bow Saw
15:54 Loom
19:07 Gold Mining
19:40 Fervor
20:40 Stone Mining
21:42 Sanctity
23:45 Gold Shaft Mining
23:01 Treadmill Crane
22:59 Elite Skirmisher
23:47 Crossbowman
24:58 Thumb Ring
24:50 Fletching
25:49 Bodkin Arrow
27:12 Stone Shaft Mining
26:43 Padded Archer Armor
30:09 Imperial Age
28:12 Murder Holes
29:13 Wheelbarrow
29:13 Redemption
29:44 Leather Archer Armor
29:25 Gambesons
29:19 Man-at-Arms
30:01 Squires
30:14 Scale Mail Armor
30:25 Forging
30:34 Scale Barding Armor
30:42 Guard Tower
30:20 Long Swordsman
31:08 Two-Handed Swordsman
32:16 Conscription
32:29 Hand Cart
32:46 Ballistics
33:21 Bracer
35:40 Crop Rotation
34:41 Pikeman
36:26 Illumination
36:18 Block Printing
37:36 Chain Mail Armor
37:52 Ring Archer Armor
37:43 Arbalester
39:02 Chain Barding Armor
39:18 Iron Casting
39:15 Plate Mail Armor
40:20 Chemistry
39:06 Arrowslits
39:57 Keep
39:48 Arson
40:07 Champion
40:49 Elite Varangian Guard
41:23 Halberdier
44:07 Plate Barding Armor
Kevin
0:35 Loom
2:21 Loom
8:40 Feudal Age
12:14 Castle Age
10:08 Double-Bit Axe
10:19 Horse Collar
21:26 Wheelbarrow
20:37 Town Watch
21:31 Heavy Plow
22:42 Bow Saw
25:11 Hand Cart
25:08 Stone Mining
25:11 Gold Mining
25:51 Bloodlines
25:41 Husbandry
25:01 Light Cavalry
27:42 Fletching
27:52 Padded Archer Armor
29:17 Bodkin Arrow
29:38 Leather Archer Armor
30:15 Fortified Wall
30:54 Stone Shaft Mining
30:56 Gold Shaft Mining
30:29 Thumb Ring
34:01 Imperial Age
31:47 Scale Barding Armor
31:53 Forging
33:26 Ballistics
33:17 Masonry
34:03 Elite Mangudai
35:05 Conscription
35:33 Bracer
36:46 Hoardings
37:15 Chemistry
36:11 Murder Holes
36:44 Parthian Tactics
36:06 Hussar
40:16 Town Patrol
45:12 Chain Barding Armor
45:27 Iron Casting
45:45 Nomads
48:07 Blast Furnace
OtongSlayer
1:13 Loom
5:36 Feudal Age
10:29 Double-Bit Axe
13:13 Castle Age
11:51 Horse Collar
12:15 Gold Mining
14:15 Scale Mail Armor
14:56 Forging
18:59 Chain Mail Armor
19:17 Arson
24:31 Gold Shaft Mining
24:57 Squires
27:45 Stone Mining
27:58 Heavy Plow
30:56 Wheelbarrow
31:49 Hamask
32:37 Town Watch
36:23 Imperial Age
37:05 Iron Casting
36:17 Gambesons
36:50 Fletching
38:25 Plate Mail Armor
37:56 Elite Jomsviking
39:38 Blast Furnace
39:28 Fletching
39:51 Padded Archer Armor
40:39 Bodkin Arrow
41:36 Bracer
43:20 Hand Cart
43:45 Leather Archer Armor
42:55 Crossbowman
43:41 Thumb Ring
44:29 Elite Skirmisher
46:19 Ring Archer Armor
46:22 Ballistics
48:23 Heavy Mounted Crossbowman
48:53 Cranequins
Peppi Legs
2:09 Loom
8:17 Feudal Age
9:08 Gold Mining
9:09 Town Watch
14:18 Castle Age
13:30 Horse Collar
14:38 Forging
14:31 Scale Mail Armor
14:49 Double-Bit Axe
14:44 Pikeman
16:10 Wheelbarrow
21:56 Squires
22:34 Stone Mining
25:19 Imperial Age
23:37 Iron Casting
23:18 Chain Mail Armor
24:59 Ballistics
24:35 Fletching
26:05 Perfusion
27:11 Blast Furnace
26:08 Bodkin Arrow
27:11 Halberdier
29:40 Anarchy
Connection lost

Rejoining the realm…

Still unreachable

The connection could not be restored.

Session expired

The server has moved on; the page needs a fresh start.